A- SE
FORT MYERS MIGHTY MUSSELS @ CHARLOTTE STONE CRABS
07/12/2041
 
TOP OF THE 1ST
Fort Myers Mighty Mussels batting - Pitching for Charlotte Stone Crabs : RHP Bob Parks
Pitching: RHP Bob Parks
Batting: RHB Luis Sánchez 0-0: Ball
1-0: Ball
2-0: Foul Ball, location: 2F
2-1: Ball
3-1: Swinging Strike
3-2: Strikes out looking
Batting: LHB Jerry Hanna 0-0: Foul Ball, location: 2F
0-1: Fly out, F9 (Flyball, 89M, EV 100.0 MPH)
Batting: RHB Bernie Davis 0-0: Called Strike
0-1: Ball
1-1: SINGLE (Line Drive, 8RS, EV 103.8 MPH)
Batting: RHB Chris McAllister 0-0: Called Strike
Bernie Davis steals 2nd base
0-1: Called Strike
0-2: Ball
1-2: Foul Ball, location: 7LDF
1-2: Strikes out swinging
Top of the 1st over - 0 runs, 1 hit, 0 errors, 1 left on base; Fort Myers 0 - Charlotte 0
BOTTOM OF THE 1ST
Charlotte Stone Crabs batting - Pitching for Fort Myers Mighty Mussels : RHP Aykhaz Misarian
Pitching: RHP Aykhaz Misarian
Batting: RHB Juan Rodríguez 0-0: Ball
1-0: Foul Ball, location: 3F
1-1: Swinging Strike
1-2: Ground out 5-3 (Groundball, 56, EV 82.5 MPH)
Batting: RHB Nunno Gerardo 0-0: Ball
1-0: Foul Ball, location: 7LMF
1-1: Called Strike
1-2: Ball
2-2: Foul Ball, location: 2F
2-2: Strikes out looking
Batting: LHB Jonathan Owens 0-0: Swinging Strike
0-1: Ball
1-1: Swinging Strike
1-2: Ground out 4-3 (Groundball, 4, EV 90.6 MPH)
Bottom of the 1st over - 0 runs, 0 hits, 0 errors, 0 left on base; Fort Myers 0 - Charlotte 0
TOP OF THE 2ND
Fort Myers Mighty Mussels batting - Pitching for Charlotte Stone Crabs : RHP Bob Parks
Batting: RHB Ronnie Spencer 0-0: Fly out, F9 (Line Drive, 9, EV 108.1 MPH)
Batting: RHB Steve Walton 0-0: Ball
1-0: Foul Ball, location: 2F
1-1: Called Strike
1-2: Fly out, F4 (Flyball, 34D, EV 82.5 MPH)
Batting: LHB Tony Rivas 0-0: Ball
1-0: Reached on error, E6 (Groundball, 6S, EV 81.9 MPH)
Batting: RHB Curt Brooks 0-0: Ball
1-0: Ball
2-0: Ball
3-0: Called Strike
3-1: Called Strike
3-2: Strikes out looking
Top of the 2nd over - 0 runs, 0 hits, 1 error, 1 left on base; Fort Myers 0 - Charlotte 0
BOTTOM OF THE 2ND
Charlotte Stone Crabs batting - Pitching for Fort Myers Mighty Mussels : RHP Aykhaz Misarian
Batting: RHB Juan Sánchez 0-0: Called Strike
0-1: Ball
1-1: DOUBLE (Flyball, 8LXD, EV 94.4 MPH)
Batting: RHB Luis Sánchez 0-0: SINGLE (Groundball, 5D, EV 104.4 MPH)
Juan Sánchez to third
Runner from 3rd tries for Home, SAFE, throw by LF to home
Batting: RHB José Rivera 0-0: SINGLE (Line Drive, 34D, EV 98.8 MPH)
Luis Sánchez to second
Batting: LHB Andy Turner 0-0: Sac Bunt to 15S - play at third, runner OUT! 1-6
José Rivera to second
Batting: RHB José Fernández 0-0: Called Strike
José Rivera steals 3rd base
Andy Turner to second
0-1: Foul Ball, location: 9LMF
0-2: Ball
1-2: Strikes out swinging
Batting: RHB Iván Narciso 0-0: Ball
Wild Pitch!
José Rivera scores
Andy Turner to third
1-0: Swinging Strike
1-1: Ball
2-1: Ground out 6-3 (Groundball, 6, EV 80.6 MPH)
Bottom of the 2nd over - 2 runs, 3 hits, 0 errors, 1 left on base; Fort Myers 0 - Charlotte 2
TOP OF THE 3RD
Fort Myers Mighty Mussels batting - Pitching for Charlotte Stone Crabs : RHP Bob Parks
Batting: RHB Ron Mitchell 0-0: Ball
1-0: Fly out, F3 (Popup, 3SF, EV 71.3 MPH)
Batting: RHB Luis Sánchez 0-0: Called Strike
0-1: Ball
1-1: Swinging Strike
1-2: Foul Ball, location: 9LDF
1-2: Ball
2-2: Ball
3-2: Base on Balls
Batting: LHB Jerry Hanna 0-0: Foul Ball, location: 2F
0-1: Ball
Luis Sánchez steals 2nd base
1-1: Ground out 5-3 (Groundball, 5L, EV 104.4 MPH)
Luis Sánchez to third
Batting: RHB Bernie Davis 0-0: Foul Ball, location: 3F
0-1: Foul Ball, location: 7LMF
0-2: Ball
1-2: Ground out 5-3 (Groundball, 5, EV 105.6 MPH)
Top of the 3rd over - 0 runs, 0 hits, 0 errors, 1 left on base; Fort Myers 0 - Charlotte 2
BOTTOM OF THE 3RD
Charlotte Stone Crabs batting - Pitching for Fort Myers Mighty Mussels : RHP Aykhaz Misarian
Batting: RHB Juan Rodríguez 0-0: Ball
1-0: Ball
2-0: SINGLE (Line Drive, 6M, EV 98.1 MPH)
Batting: RHB Nunno Gerardo 0-0: Ball
1-0: Sac Bunt to 15S - play at first, batter OUT! 1-3
Juan Rodríguez to second
Batting: LHB Jonathan Owens 0-0: Ball
1-0: Ground out U3 (Groundball, 34, EV 86.9 MPH)
Juan Rodríguez to third
Batting: RHB Juan Sánchez 0-0: Called Strike
0-1: Swinging Strike
0-2: Foul Ball, location: 2F
0-2: Ball
1-2: SINGLE (Flyball, 89S, EV 94.4 MPH)
Juan Rodríguez scores
Batting: RHB Luis Sánchez 0-0: Foul Ball, location: 2F
0-1: Foul Ball, location: 9LMF
0-2: Strikes out swinging
Bottom of the 3rd over - 1 run, 2 hits, 0 errors, 1 left on base; Fort Myers 0 - Charlotte 3
TOP OF THE 4TH
Fort Myers Mighty Mussels batting - Pitching for Charlotte Stone Crabs : RHP Bob Parks
Batting: RHB Chris McAllister 0-0: Ground out 4-3 (Groundball, 4, EV 87.5 MPH)
Batting: RHB Ronnie Spencer 0-0: Ball
1-0: Ball
2-0: Called Strike
2-1: Swinging Strike
2-2: Ball
3-2: Foul Ball, location: 2F
3-2: Ground out 5-3 (Groundball, 56, EV 77.5 MPH)
Batting: RHB Steve Walton 0-0: Ball
1-0: SINGLE (Groundball, 56S, EV 71.9 MPH) (infield hit)
Batting: LHB Tony Rivas 0-0: Ball
1-0: Called Strike
1-1: Swinging Strike
Pickoff Throw to First - Out! 1-3
Top of the 4th over - 0 runs, 1 hit, 0 errors, 0 left on base; Fort Myers 0 - Charlotte 3
BOTTOM OF THE 4TH
Charlotte Stone Crabs batting - Pitching for Fort Myers Mighty Mussels : RHP Aykhaz Misarian
Batting: RHB José Rivera 0-0: Foul Ball, location: 9LMF
0-1: Ground out 4-3 (Groundball, 4, EV 95.0 MPH)
Batting: LHB Andy Turner 0-0: Called Strike
0-1: Called Strike
0-2: Foul Ball, location: 3DF
0-2: Ball
1-2: Strikes out swinging
Batting: RHB José Fernández 0-0: Ball
1-0: Ball
2-0: Called Strike
2-1: Foul Ball, location: 2F
2-2: Ball
3-2: Fly out, F7 (Flyball, 7, EV 75.0 MPH)
Bottom of the 4th over - 0 runs, 0 hits, 0 errors, 0 left on base; Fort Myers 0 - Charlotte 3
TOP OF THE 5TH
Fort Myers Mighty Mussels batting - Pitching for Charlotte Stone Crabs : RHP Bob Parks
Batting: LHB Tony Rivas 0-0: Ball
1-0: Ball
2-0: Called Strike
2-1: Fly out, F6 (Line Drive, 6MD, EV 66.3 MPH)
Batting: RHB Curt Brooks 0-0: Ground out 6-3 (Groundball, 6, EV 85.0 MPH)
Batting: RHB Ron Mitchell 0-0: Ball
1-0: Called Strike
1-1: Called Strike
1-2: Strikes out swinging, 2-3 out at first.
Top of the 5th over - 0 runs, 0 hits, 0 errors, 0 left on base; Fort Myers 0 - Charlotte 3
BOTTOM OF THE 5TH
Charlotte Stone Crabs batting - Pitching for Fort Myers Mighty Mussels : RHP Aykhaz Misarian
Batting: RHB Iván Narciso 0-0: Foul Ball, location: 2F
0-1: Swinging Strike
0-2: Ball
1-2: Strikes out looking
Batting: RHB Juan Rodríguez 0-0: Swinging Strike
0-1: Ball
1-1: Called Strike
1-2: Strikes out swinging
Batting: RHB Nunno Gerardo 0-0: Ball
1-0: Ball
2-0: Ball
3-0: Called Strike
3-1: Called Strike
3-2: Ground out 5-3 (Groundball, 5, EV 84.4 MPH)
Bottom of the 5th over - 0 runs, 0 hits, 0 errors, 0 left on base; Fort Myers 0 - Charlotte 3
TOP OF THE 6TH
Fort Myers Mighty Mussels batting - Pitching for Charlotte Stone Crabs : RHP Bob Parks
Batting: RHB Luis Sánchez 0-0: Swinging Strike
0-1: Ball
1-1: Foul Ball, location: 2F
1-2: Ball
2-2: Foul Ball, location: 2F
2-2: Strikes out swinging
Batting: LHB Jerry Hanna 0-0: Ball
1-0: Foul Ball, location: 3SF
1-1: Ball
2-1: Foul Ball, location: 2F
2-2: Strikes out swinging
Batting: RHB Bernie Davis 0-0: Ball
1-0: Foul Ball, location: 2F
1-1: Ball
2-1: SINGLE (Flyball, 34D, EV 93.1 MPH)
Pitching: RHP Manny Pérez
Batting: RHB Chris McAllister 0-0: DOUBLE (Line Drive, 5D, EV 94.4 MPH)
Bernie Davis to third
Runner from 3rd tries for Home, SAFE, throw by LF to home
Pinch Hitting: RHB Matsu Yamanoue 0-0: Swinging Strike
0-1: Ball
1-1: Ball
2-1: Swinging Strike
2-2: Ball
3-2: Foul Ball, location: 2F
3-2: Strikes out swinging
Top of the 6th over - 1 run, 2 hits, 0 errors, 1 left on base; Fort Myers 1 - Charlotte 3
BOTTOM OF THE 6TH
Charlotte Stone Crabs batting - Pitching for Fort Myers Mighty Mussels : RHP Aykhaz Misarian
Now at SS: Matsu Yamanoue
Batting: LHB Jonathan Owens 0-0: Called Strike
0-1: Ground out U3 (Groundball, 3, EV 81.3 MPH)
Batting: RHB Juan Sánchez 0-0: Ball
1-0: Swinging Strike
1-1: Fly out, F9 (Flyball, 89M, EV 96.3 MPH)
Batting: RHB Luis Sánchez 0-0: Swinging Strike
0-1: Fly out, F7 (Line Drive, 78M, EV 101.9 MPH)
Bottom of the 6th over - 0 runs, 0 hits, 0 errors, 0 left on base; Fort Myers 1 - Charlotte 3
TOP OF THE 7TH
Fort Myers Mighty Mussels batting - Pitching for Charlotte Stone Crabs : RHP Manny Pérez
Batting: RHB Steve Walton 0-0: Ball
1-0: Foul Ball, location: 2F
1-1: Called Strike
1-2: Ball
2-2: Strikes out swinging, 2-3 out at first.
Batting: LHB Tony Rivas 0-0: Called Strike
0-1: Foul Ball, location: 3F
0-2: Ball
1-2: SINGLE (Groundball, 4M, EV 96.9 MPH) (infield hit)
Pinch Hitting: RHB Dave McCormick 0-0: Ball
1-0: DOUBLE (Line Drive, 89M, EV 98.8 MPH)
Tony Rivas to third
Pinch Hitting: SHB Eric Clark 0-0: Swinging Strike
0-1: Foul Ball, location: 7LMF
0-2: Foul Ball, location: 23F
0-2: Strikes out swinging
Pinch Hitting: LHB Pancho Sánchez 0-0: Ground out 5-3 (Groundball, 56, EV 85.0 MPH)
Top of the 7th over - 0 runs, 2 hits, 0 errors, 2 left on base; Fort Myers 1 - Charlotte 3
BOTTOM OF THE 7TH
Charlotte Stone Crabs batting - Pitching for Fort Myers Mighty Mussels : RHP Aykhaz Misarian
Now at 1B: Josh Brooks
Now in LF: Eric Clark
Now in RF: Pancho Sánchez
Batting: RHB José Rivera 0-0: Ball
1-0: Called Strike
1-1: SINGLE (Line Drive, 34D, EV 102.5 MPH)
Pitching: LHP Dax Kinney
Batting: LHB Andy Turner 0-0: Ball
1-0: Bunted foul
1-1: Bunted foul
1-2: Fly out, F7 (Flyball, 7D, EV 92.5 MPH)
Batting: RHB José Fernández 0-0: Foul Ball, location: 5F
0-1: Foul Ball, location: 2F
0-2: Ball
1-2: Ball
2-2: Strikes out swinging
Batting: RHB Iván Narciso 0-0: Foul Ball, location: 5SF
0-1: Called Strike
José Rivera is caught stealing 2nd base 2-4
Bottom of the 7th over - 0 runs, 1 hit, 0 errors, 0 left on base; Fort Myers 1 - Charlotte 3
TOP OF THE 8TH
Fort Myers Mighty Mussels batting - Pitching for Charlotte Stone Crabs : RHP Manny Pérez
Batting: LHB Jerry Hanna 0-0: Ball
1-0: Ball
2-0: Called Strike
2-1: Ground out 6-3 (Groundball, 6, EV 88.1 MPH)
Batting: RHB Bernie Davis 0-0: Foul Ball, location: 2F
0-1: Foul Ball, location: 2F
0-2: Ball
1-2: Ball
2-2: Foul Ball, location: 9LDF
2-2: Foul Ball, location: 9LMF
2-2: Foul Ball, location: 2F
2-2: Ball
3-2: Foul Ball, location: 2F
3-2: Base on Balls
Batting: RHB Chris McAllister 0-0: Ball
1-0: Ball
2-0: Called Strike
2-1: Ball
3-1: Foul Ball, location: 2F
3-2: Base on Balls
Bernie Davis to second
Batting: RHB Matsu Yamanoue 0-0: SINGLE (Line Drive, 3D, EV 66.9 MPH)
Bernie Davis to third
Chris McAllister to second
Pinch Hitting: RHB César Lima 0-0: Called Strike
0-1: Foul Ball, location: 9LSF
0-2: Ball
1-2: Ball
2-2: Ball
3-2: Foul Ball, location: 5FF
3-2: Foul Ball, location: 2F
3-2: Hit by Pitch
Bernie Davis scores
Chris McAllister to third
Matsu Yamanoue to second
Pitching: LHP Eric Green
Batting: RHB Ernesto Salazar 0-0: Ball
1-0: Ball
2-0: Ball
3-0: Called Strike
3-1: Foul Ball, location: 2F
3-2: Strikes out swinging
Pitching: LHP Tony Small
Batting: SHB Josh Brooks 0-0: Ball
1-0: Called Strike
1-1: Called Strike
1-2: Foul Ball, location: 23F
1-2: Foul Ball, location: 2F
1-2: Strikes out swinging
Top of the 8th over - 1 run, 1 hit, 0 errors, 3 left on base; Fort Myers 2 - Charlotte 3
BOTTOM OF THE 8TH
Charlotte Stone Crabs batting - Pitching for Fort Myers Mighty Mussels : LHP Dax Kinney
Now at C: Marc Guevara
Batting: RHB Iván Narciso 0-0: Ball
1-0: Called Strike
1-1: Ball
2-1: Swinging Strike
2-2: Ball
3-2: Strikes out swinging
Batting: RHB Juan Rodríguez 0-0: Ball
1-0: Foul Ball, location: 2F
1-1: Swinging Strike
1-2: Foul Ball, location: 9LDF
1-2: Foul Ball, location: 5FF
1-2: Foul Ball, location: 9LMF
1-2: Fly out, F8 (Flyball, 89D, EV 91.3 MPH)
Batting: RHB Nunno Gerardo 0-0: Ball
1-0: Swinging Strike
1-1: Ball
2-1: Foul Ball, location: 2F
2-2: Strikes out looking
Bottom of the 8th over - 0 runs, 0 hits, 0 errors, 0 left on base; Fort Myers 2 - Charlotte 3
TOP OF THE 9TH
Fort Myers Mighty Mussels batting - Pitching for Charlotte Stone Crabs : LHP Tony Small
Pitching: RHP Esteban Rodríguez
Now at 1B: Sam Sheppard
Batting: SHB Eric Clark 0-0: Called Strike
0-1: Ball
1-1: Fly out, F9 (Flyball, 9D, EV 99.4 MPH)
Pinch Hitting: RHB Horace Blanco 0-0: Ground out 6-3 (Groundball, 6, EV 76.9 MPH)
Pinch Hitting: RHB Walt Todd 0-0: Called Strike
0-1: Ball
1-1: Foul Ball, location: 7LMFF
1-2: Strikes out swinging
Top of the 9th over - 0 runs, 0 hits, 0 errors, 0 left on base; Fort Myers 2 - Charlotte 3
Monday, April 1st , 2024 - OOTP Baseball 24.10 Build 82